 Dungeon Crawl Stone Soup version 0.19.1 (webtiles) character file.

16229 sveltemanboy the Executioner (level 12, -1/91 HPs)
             Began as a Hill Orc Monk on Dec 6, 2016.
             Was a High Priest of Beogh.
             Killed from afar by an electric eel (2 damage)
             ... with a bolt of electricity
             ... on level 4 of the Lair of Beasts.
             The game lasted 00:35:56 (14024 turns).

sveltemanboy the Executioner (Hill Orc Monk)       Turns: 14024, Time: 00:35:57

Health: -1/91      AC:  9    Str: 19    XL:     12   Next: 35%
Magic:  15/15      EV: 11    Int: 10    God:    Beogh [*****.]
Gold:   1210       SH:  0    Dex: 10    Spells: 0 memorised, 11 levels left

rFire  + . .     SeeInvis +     a - +2 battleaxe (freeze)
rCold  . . .     Gourm    .     l - +0 ring mail (curse)
rNeg   . . .     Faith    .     (shield currently unavailable)
rPois  +         Spirit   .     (no helmet)
rElec  +         Reflect  .     u - +1 cloak of the Onion {rC- MR++ SInv}
rCorr  +         Harm     .     (no gloves)
MR     ++...                    b - +1 pair of boots
Stlth  +.........               E - amulet of regeneration
                                S - +4 ring of slaying
                                i - -3 ring of dexterity (curse)

@: resistant
A: walk on water
a: Smiting, Recall Orcish Followers, Give Item to Named Follower, Renounce
Religion


You were on level 4 of the Lair of Beasts.
You worshipped Beogh.
Beogh was extremely pleased with you.
You were hungry.

You visited 2 branches of the dungeon, and saw 15 of its levels.

You collected 1210 gold pieces.

Inventory:

Hand Weapons
 a - a +2 battleaxe of freezing (weapon)
Missiles
 e - 3 javelins (quivered)
 J - 2 throwing nets
 X - 7 silver javelins
Armour
 b - a +1 pair of boots (worn)
 l - a cursed +0 ring mail (worn)
 o - a +0 chain mail
 u - the +1 cloak of the Onion (worn) {rC- MR++ SInv}
   (You acquired it on level 6 of the Dungeon)

   It makes you vulnerable to cold.
   It affects your resistance to hostile enchantments.
   It lets you see invisible.
 U - a cursed +0 chain mail
Jewellery
 i - a cursed -3 ring of dexterity (left hand)
 p - an uncursed ring of protection from cold
 v - an uncursed ring of protection from fire
 z - a +3 ring of dexterity
 E - an amulet of regeneration (around neck)
 O - an uncursed ring of poison resistance
 R - an uncursed ring of see invisible
 S - a +4 ring of slaying (right hand)
 V - a +2 ring of dexterity
Wands
 m - a wand of lightning (8/15)
 q - a wand of hasting (4/9)
 y - a wand of digging (22/24)
 C - a wand of confusion (36/48)
 G - a wand of digging (10/24)
 K - a wand of paralysis (15/24)
 M - a wand of iceblast (8/15)
 W - a wand of confusion (23/48)
Scrolls
 d - 2 scrolls of identify
 n - 2 scrolls of fear
 t - 5 scrolls of magic mapping
 B - a scroll of recharging
 L - 3 scrolls of teleportation
 N - 4 scrolls of enchant weapon
 Q - a scroll of fog
 T - 2 scrolls of blinking
Potions
 g - 2 potions of agility
 j - 6 potions of curing
 r - 5 potions of heal wounds
 s - 2 potions of might
 w - 2 potions of flight
 A - a potion of berserk rage
 F - a potion of haste
 H - a potion of lignification
Miscellaneous
 Z - a phial of floods
Comestibles
 c - 6 bread rations
 f - 9 meat rations
 h - 35 fruits
 k - 5 beef jerkies
 x - 8 slices of pizza
 D - a royal jelly
 I - 3 chunks of flesh


   Skills:
 - Level 4.0 Fighting
 * Level 22.1 Axes
 - Level 3.0 Armour
 - Level 2.4 Dodging
 - Level 1.5 Stealth
 - Level 4.0 Invocations
 - Level 2.0 Evocations


You had 11 spell levels left.
You didn't know any spells.

Dungeon Overview and Level Annotations

Branches:
Dungeon (11/15)            Temple (0/1) D:4            Lair (4/6) D:9
  Swamp (0/4) Lair:4        Snake (0/4) Lair:4
    Orc: D:9-12

Altars:
Elyvilon
Fedhas
Gozag
Nemelex Xobeh
Okawaru
Qazlal
Trog
Uskayaw
Vehumet
Zin

Shops:
D:7 (   D:10 =%


Message History

The bolt of electricity hits you!
* * * LOW HITPOINT WARNING * * *
The bolt of electricity hits you!
* * * LOW HITPOINT WARNING * * *
The bolt of electricity hits the electric eel.
The electric eel completely resists.
The bolt of electricity hits the electric eel.
The electric eel completely resists.
Koronagh misses the electric eel.
The electric eel shoots out a bolt of lightning at you!
The bolt of electricity hits the electric eel.
The electric eel completely resists.
The bolt of electricity hits you!
* * * LOW HITPOINT WARNING * * *
The bolt of electricity misses you.
The bolt of electricity hits Koronagh.
You feel protected.
You are feeling hungry.
The electric eel shoots out a bolt of lightning at you!
The bolt of electricity hits you! You resist.
* * * LOW HITPOINT WARNING * * *
The bolt of electricity hits you! You resist.
You die...

#### #..## ##...## ##
##.....##P######
#..............#
####.......o.....##
#.#.#..#.##..§§§§§#
#.#......o@.§§§§..
#...###...o;;;§§§.
###....##....≈§§§≈§.
##....#####..§§§≈;§..
#....##
#...§≈§≈......#
##.....#
..P.§§§......)#
#....###
#####..§..PP..##
###...##
###.PP......# ......#
####.##........#


You could see 4 electric eels, a friendly orc knight, the friendly Koronagh the
orc knight and the friendly Murdo the orc knight.

Vanquished Creatures
  A hill giant (D:10)
  A black mamba (Lair:4)
  3 spiny frogs
  A komodo dragon (Lair:1)
  3 trolls (D:9)
  6 blink frogs
  A hippogriff (D:10)
  A dream sheep (D:10)
  A spriggan (Lair:2)
  7 yaks
  A wyvern (Lair:3)
  A hungry ghost (D:9)
  3 vampire mosquitoes (D:11)
  A naga (Lair:4)
  4 water moccasins
  4 porcupines
  2 orc warriors
  2 sky beasts
  A necrophage (D:9)
  2 ice beasts (D:5)
  An eye of draining (D:9)
  9 wolves
  2 centaurs
  A crocodile (Lair:3)
  5 ogres
  2 big kobolds (D:10)
  3 bullfrogs
  A scorpion (D:4)
  A howler monkey (D:5)
  2 centaur zombies (D:9)
  5 crimson imps
  2 bullfrog zombies (D:5)
  2 jellies (D:8)
  A quasit (D:8)
  Crazy Yiuf (D:5)
  5 hounds
  A bullfrog skeleton (D:5)
  5 orc wizards
  3 iguanas
  4 worker ants
  2 hound zombies
  2 mummies (D:9)
  A howler monkey zombie (D:9)
  3 worker ant zombies
  A howler monkey skeleton (D:8)
  10 adders
  A shadow imp (D:5)
  3 oozes
  3 adder zombies
  2 worms
  2 dart slugs
  11 orcs
  6 bats
  7 giant cockroaches
  2 goblins (D:2)
  5 hobgoblins
  16 jackals
  4 quokkas
  3 ball pythons
  7 frilled lizards
  2 jackal zombies (D:9)
  4 kobolds
  A leopard gecko skeleton (D:4)
  A quokka skeleton (D:4)
  17 rats
  8 fungi
  A plant (D:9)
  2 toadstools (D:1)
229 creatures vanquished.

Vanquished Creatures (collateral kills)
  The ghost of TheWoodenMan the Destroyer, a journeyman DrCj of Vehumet (Lair:4)
  A hydra (D:10)
  A hill giant (D:10)
  A komodo dragon (Lair:4)
  A rime drake (Lair:1)
  3 spiny frogs
  A dream sheep (D:10)
  2 hippogriffs
  9 blink frogs
  A vampire (D:9)
  6 yaks
  A vampire mosquito (D:11)
  2 nagas (Lair:4)
  2 water moccasins
  5 porcupines
  A black bear (Lair:2)
  4 necrophages
  9 wolves
  A big kobold (D:10)
  5 crocodiles
  3 bullfrogs
  A scorpion (D:8)
  4 wights (D:9)
  A bullfrog zombie (D:8)
  2 crimson imps (D:9)
  A centaur zombie (D:8)
  2 hounds
  An orc priest (D:7)
  2 bullfrog skeletons
  An iguana (D:8)
  A worker ant (D:9)
  2 hound zombies
  A howler monkey zombie (D:9)
  2 worker ant zombies (D:9)
  2 adders
  3 orcs
  A jackal (D:9)
  A bush (Lair:2)
  6 fungi
  2 plants
96 creatures vanquished.

Vanquished Creatures (others)
  2 orc warriors (Lair:4)
  An orc priest (D:11)
  4 orcs (D:6)
  2 toadstools (D:1)
9 creatures vanquished.

Grand Total: 334 creatures vanquished

Notes
Turn   | Place    | Note
-------+----------+-------------------------------------------
     0 | D:1      | sveltemanboy the Hill Orc Monk began the quest for the Orb.
     0 | D:1      | Reached XP level 1. HP: 19/19 MP: 1/1
   208 | D:1      | Reached skill level 1 in Armour
   276 | D:1      | Reached XP level 2. HP: 26/26 MP: 2/2
   922 | D:1      | Reached XP level 3. HP: 31/31 MP: 3/3
  1326 | D:2      | Found a stormy altar of Qazlal.
  1497 | D:2      | Reached skill level 5 in Axes
  1613 | D:2      | Reached XP level 4. HP: 24/39 MP: 4/4
  2306 | D:3      | Reached skill level 6 in Axes
  2306 | D:3      | Reached XP level 5. HP: 33/45 MP: 5/5
  2633 | D:3      | Found a glowing silver altar of Zin.
  3209 | D:4      | Reached skill level 1 in Evocations
  3379 | D:4      | Reached skill level 7 in Axes
  3384 | D:4      | Reached XP level 6. HP: 33/51 MP: 6/6
  3777 | D:4      | Became a worshipper of Beogh the Brigand
  3777 | D:4      | Reached * piety under Beogh
  3777 | D:4      | Reached ** piety under Beogh
  4034 | D:4      | Reached skill level 8 in Axes
  4034 | D:4      | Reached skill level 1 in Invocations
  4176 | D:4      | Reached XP level 7. HP: 42/57 MP: 8/8
  4387 | D:4      | Reached skill level 9 in Axes
  4608 | D:4      | Found a staircase to the Ecumenical Temple.
  4763 | D:5      | Entered Level 5 of the Dungeon
  5042 | D:5      | Reached skill level 10 in Axes
  5343 | D:5      | Reached XP level 8. HP: 49/64 MP: 11/11
  5499 | D:5      | Found a runed door.
  5540 | D:5      | Found a sparkling altar of Nemelex Xobeh.
  5615 | D:5      | Reached skill level 11 in Axes
  5669 | D:5      | Reached skill level 12 in Axes
  5832 | D:5      | Reached *** piety under Beogh
  5955 | D:5      | Noticed Crazy Yiuf
  5960 | D:5      | Killed Crazy Yiuf
  6052 | D:6      | Reached skill level 13 in Axes
  6384 | D:6      | Reached XP level 9. HP: 70/71 MP: 12/12
  6387 | D:6      | Identified a scroll of acquirement
  6388 | D:6      | Got a shimmering cloak
  6399 | D:6      | Identified the +1 cloak of the Onion {rC- MR++ SInv} (You acquired it on level 6 of the Dungeon)
  6454 | D:6      | Found a bloodstained altar of Trog.
  6454 | D:6      | Found an iron altar of Okawaru.
  6693 | D:6      | Found a hide-covered altar of Uskayaw.
  7099 | D:7      | Found a white marble altar of Elyvilon.
  7203 | D:7      | Found Hadafaeh's Antique Weapon Emporium.
  7631 | D:8      | Found an opulent altar of Gozag.
  7676 | D:8      | Found a radiant altar of Vehumet.
  8100 | D:8      | Reached skill level 14 in Axes
  8127 | D:8      | Found a blossoming altar of Fedhas.
  8308 | D:9      | Noticed a troll
  8316 | D:9      | Killed a troll
  8456 | D:9      | Gained Koronagh as an ally
  8565 | D:9      | Reached skill level 15 in Axes
  8619 | D:9      | Found a white marble altar of Elyvilon.
  8632 | D:9      | Noticed a troll
  8638 | D:9      | Killed a troll
  8659 | D:9      | Reached **** piety under Beogh
  8681 | D:9      | Found a staircase to the Lair.
  8747 | D:9      | Reached XP level 10. HP: 56/77 MP: 13/13
  8834 | D:9      | Reached skill level 16 in Axes
  9422 | D:10     | Entered Level 10 of the Dungeon
  9436 | D:10     | Noticed a hill giant
  9444 | D:10     | Killed a hill giant
  9522 | D:10     | Reached skill level 17 in Axes
  9564 | D:10     | Found Podoclel's Jewellery Boutique.
  9719 | D:10     | Noticed a hill giant
  9730 | D:10     | Killed a hill giant
  9828 | D:10     | Found Pataxocsu's Food Boutique.
 10001 | D:10     | Reached skill level 18 in Axes
 10032 | D:10     | Noticed a three-headed hydra
 10039 | D:10     | Killed a four-headed hydra
 10391 | D:11     | Reached XP level 11. HP: 68/82 MP: 14/14
 10403 | D:11     | Reached skill level 19 in Axes
 10518 | Lair:1   | Entered Level 1 of the Lair of Beasts
 10535 | Lair:1   | You fall through a shaft!
 10635 | Lair:2   | Reached ***** piety under Beogh
 11624 | Lair:2   | Reached skill level 20 in Axes
 11632 | Lair:2   | Gained Murdo as an ally
 11976 | Lair:2   | Gained Warrok as an ally
 12564 | Lair:3   | Reached skill level 21 in Axes
 12825 | Lair:3   | Reached XP level 12. HP: 30/89 MP: 15/15
 13447 | Lair:4   | Found a staircase to the Snake Pit.
 13824 | Lair:4   | Noticed TheWoodenMan's ghost (journeyman DrCj)
 13829 | Lair:4   | Your ally Warrok died
 13838 | Lair:4   | Killed TheWoodenMan's ghost
 13838 | Lair:4   | Reached skill level 22 in Axes
 14017 | Lair:4   | Found a staircase to the Swamp.
 14023 | Lair:4   | HP: 4/91 [electric eel/bolt of electricity (6)]
 14024 | Lair:4   | HP: 1/91 [electric eel/bolt of electricity (4)]
 14024 | Lair:4   | Killed from afar by an electric eel

Skill      XL: |  1  2  3  4  5  6  7  8  9 10 11 12 |
---------------+-------------------------------------+-----
Armour         | 1 2 3 |  3.0
Axes           | 5 6 7 8 10 13 15 18 21 22 | 22.1
Evocations     | 1 2 |  2.0
Invocations    | 2 4 |  4.0
Fighting       | 4 |  4.0
Dodging        | |  2.4
Stealth        | |  1.5

Action                   |  1- 3 |  4- 6 |  7- 9 | 10-12 || total
-------------------------+-------+-------+-------+-------++-------
Melee: Hand axe          |   133 |   116 |       |       ||   249
       War axe           |       |    59 |   203 |       ||   262
       Battleaxe         |       |       |   144 |   292 ||   436
Throw: Stone             |       |     7 |       |       ||     7
       Javelin           |       |    11 |    13 |       ||    24
Invok: Convert to Beogh  |       |     1 |       |       ||     1
       Give Item to Name |       |       |       |     1 ||     1
  Use: Scroll            |     6 |     3 |     5 |    12 ||    26
       Potion            |       |     1 |     2 |     2 ||     5
 Stab: Sleeping          |     3 |       |       |       ||     3
       Distracted        |       |       |     1 |     4 ||     5
  Eat: Chunk             |     2 |     9 |    14 |    16 ||    41
       Fruit             |       |       |       |     2 ||     2
Armor: Robe              |    19 |       |       |       ||    19
       Leather armour    |    12 |       |       |       ||    12
       Ring mail         |       |    36 |   103 |    68 ||   207
       Skin              |       |     8 |    21 |       ||    29
Dodge: Dodged            |    87 |    68 |   185 |   120 ||   460
